 Dungeon Crawl Stone Soup version 0.31-a0-640-g39d97e502b (webtiles) character file.

Game seed: 12354700171702337524

162292 arthad the Marksgnoll (level 17, -1/137 HPs)
             Began as a Gnoll Wanderer on Aug 28, 2023.
             Was an Initiate of Gozag.
             Killed from afar by a manticore (19 damage)
             ... with a volley of spikes
             ... on level 4 of the Shoals.
             The game lasted 02:50:27 (41667 turns).

arthad the Marksgnoll (Gnoll Wanderer)             Turns: 41667, Time: 02:50:27

Health: -1/137     AC: 26    Str:  9    XL:     17   Next: 80%
Magic:  8/34       EV: 19    Int: 28    God:    Gozag
Gold:   6332       SH: 14    Dex: 15    Spells: 1/42 levels left

rFire   + + .        V - +10 long sword of Victory {protect, rF+ rN++ Will- Stlth+}
rCold   + + .        d - +0 kite shield {reflect}
rNeg    + + .        L - +1 robe {rC+ rF+}
rPois   .            h - +1 helmet {Int+3}
rElec   .            W - +0 cloak {Will+}
rCorr   .            m - +1 pair of gloves {hurl}
SInv    +            i - +3 pair of mountain boots {steadfast, rC+}
Will    +....        E - amulet of magic regeneration
Stlth   ++++++       H - ring of the Octopus King {HP+2 AC+2 EV+2 SH+2 SInv}
HPRegen 0.42/turn    B - +6 ring of intelligence
MPRegen 0.64/turn

%: reflection
@: engulfed (cannot breathe), spiked, gold aura, under a protective aura,
studying Ranged Weapons
A: fangs 1, strong nose, distributed training, iridescent scales 1
a: Renounce Religion, Potion Petition, Call Merchant, Bribe Branch


You were on level 4 of the Shoals.
You worshipped Gozag.
Gozag was greatly pleased with you.
You visited 5 branches of the dungeon, and saw 27 of its levels.
You also visited: Sewer.

You collected 10480 gold pieces.
You spent 2668 gold pieces at shops.
You paid 1480 gold pieces to Gozag.

Inventory:

Hand Weapons
 S - a +8 eveningstar of draining
 V - the +10 long sword of Victory (weapon) {protect, rF+ rN++ Will- Stlth+}
   (You found it on level 11 of the Dungeon)

   rF+:       It protects you from fire.
   rN++:      It greatly protects you from negative energy.
   Will-:     It decreases your willpower.
   Stlth+:    It makes you more stealthy.
Missiles
 t - 11 javelins
 y - a throwing net
 C - a curare-tipped dart
 G - 40 poisoned darts
 Y - 6 silver javelins
Armour
 d - a +0 kite shield of reflection (worn)
 h - a +1 helmet of intelligence (worn)
 i - the +3 pair of mountain boots (worn) {steadfast, rC+}
   (You bought it in a shop on level 2 of the Orcish Mines)

   Steadfast: It prevents involuntary movement, except for blinking,
   teleportation, or banishment.
   rC+:       It protects you from cold.
 m - a +1 pair of gloves of hurling (worn)
 L - a +1 robe of resistance (worn)
 W - a +0 cloak of willpower (worn)
Magical Staves
 g - a staff of death
Jewellery
 q - a ring of fire
 B - a +6 ring of intelligence (right hand)
 D - a ring of poison resistance
 E - an amulet of magic regeneration (around neck)
 H - a ring of the Octopus King (left hand) {HP+2 AC+2 EV+2 SH+2 SInv}
   (You found it on level 5 of the Lair of Beasts)

   [ring of see invisible]

   AC+2:      It affects your AC (+2).
   EV+2:      It affects your evasion (+2).
   HP+2:      It affects your health (+2).
   SInv:      It lets you see invisible.
   SH+2:      It affects your SH (+2).
 J - a ring of flight
 N - a ring of wizardry
 T - the ring of Runwa {EV+5 SInv}
   (You found it on level 5 of the Lair of Beasts)

   [ring of evasion]

   EV+5:      It affects your evasion (+5).
   SInv:      It lets you see invisible.
Wands
 s - a wand of paralysis (23)
 x - a wand of mindburst (16)
 z - a wand of digging (5)
 I - a wand of roots (14)
 P - a wand of polymorph (22)
 U - a wand of flame (23)
Scrolls
 b - 2 scrolls of amnesia
 f - a scroll of summoning
 l - 4 scrolls of immolation
 p - 8 scrolls of teleportation
 w - a scroll of fog
 K - 3 scrolls of blinking
 M - 5 scrolls of revelation
 O - a scroll of silence
 R - 3 scrolls of fear
 Z - a scroll of enchant armour
Potions
 c - 2 potions of magic
 e - 4 potions of might
 k - 4 potions of haste
 n - 2 potions of berserk rage
 o - a potion of ambrosia
 r - 5 potions of heal wounds
 v - 8 potions of enlightenment
 A - 5 potions of brilliance
 F - 8 potions of curing
 Q - 2 potions of mutation
 X - 2 potions of resistance
Miscellaneous
 a - a condenser vane (inert)
 j - a phial of floods
 u - a phantom mirror (inert)


   Skills:
 + Level 12.9 Fighting
 + Level 12.1 Short Blades
 + Level 12.1 Long Blades
 + Level 12.1 Axes
 + Level 12.1 Maces & Flails
 + Level 12.1 Polearms
 + Level 12.1 Staves
 + Level 16.7 Ranged Weapons
 + Level 12.9 Throwing
 + Level 12.1 Armour
 + Level 12.1 Dodging
 + Level 12.1 Stealth
 + Level 12.1 Shields
 + Level 12.1 Unarmed Combat
 + Level 13.1 Spellcasting
 + Level 10.2 Conjurations
 + Level 10.2 Hexes
 + Level 10.5 Summonings
 + Level 11.0 Necromancy
 + Level 10.2 Translocations
 + Level 10.2 Transmutations
 + Level 10.2 Fire Magic
 + Level 10.2 Ice Magic
 + Level 10.2 Air Magic
 + Level 10.2 Earth Magic
 + Level 10.2 Poison Magic
 + Level 13.1 Invocations
 + Level 12.4 Evocations
 + Level 11.1 Shapeshifting


You had one spell level left.
You knew the following spells:

 Your Spells              Type           Power      Damage    Failure   Level
a - Necrotise             Necr           100%       1d9       1%          1
b - Alistair's Intoxicat  Tmut/Pois      44%        N/A       3%          5
c - Call Canine Familiar  Summ           67%        N/A       1%          3
d - Summon Guardian Gole  Hex/Summ       67%        N/A       1%          3
e - Dispel Undead         Necr           68%        3d23      1%          4
f - Anguish               Hex/Necr       33%        N/A       1%          4
g - Summon Lightning Spi  Summ/Air       67%        N/A       1%          4
h - Ignite Poison         Fire/Tmut/Pois 66%        N/A       1%          3
i - Mephitic Cloud        Conj/Pois/Air  66%        N/A       1%          3
j - Irradiate             Conj/Tmut      33%        3d22      3%          5
k - Plasma Beam           Fire/Air       33%        2x1d46    19%         6

Your spell library contained the following spells:

 Spells                   Type           Power      Damage    Failure   Level
 Freeze                   Ice            100%       1d10      1%          1
 Sandblast                Erth           100%       2d20      1%          1
 Summon Small Mammal      Summ           100%       N/A       1%          1
 Cigotuvi's Dreadful Rot  Necr/Pois/Air  100%       N/A       1%          2
 Lesser Beckoning         Tloc           100%       N/A       1%          2
 Static Discharge         Conj/Air       100%       2-7/arc   1%          2
 Sublimation of Blood     Necr           68%        N/A       1%          2
 Frozen Ramparts          Ice            100%       1d16      1%          3
 Gell's Gravitas          Tloc           66%        N/A       1%          3
 Hailstorm                Conj/Ice       66%        3d14      1%          3
 Inner Flame              Hex/Fire       66%        N/A       1%          3
 Portal Projectile        Hex/Tloc       100%       N/A       1%          3
 Teleport Other           Tloc           66%        N/A       1%          3
 Tukima's Dance           Hex            66%        N/A       1%          3
 Airstrike                Air            33%        2d(5-21)  1%          4
 Iskenderun's Mystic Bla  Conj/Tloc      66%        2d14      1%          4
 Petrify                  Tmut/Erth      66%        N/A       1%          4
 Sticky Flame             Conj/Fire      66%        2d8       1%          4
 Vhi's Electric Charge    Tloc/Air       100%       N/A       1%          4
 Arcjolt                  Conj/Air       33%        1d43      3%          5
 Death Channel            Necr           34%        N/A       13%         6
 Enfeeble                 Hex            33%        N/A       69%         7
 Ignition                 Fire           33%        3d10      100%        8
 Shatter                  Erth           33%        3d27*     100%        9


Dungeon Overview and Level Annotations

Branches:
Dungeon (15/15)            Temple (1/1) D:7            Lair (5/5) D:9
 Shoals (4/4) Lair:3        Snake (0/4) Lair:2        Slime (0/5) Lair:4
    Orc (2/2) D:10            Elf (0/3) Orc:2        Vaults (0/5) D:13
 Depths (0/4) D:15          Sewer (visited)

Altars:
Ashenzari
Cheibriados
Dithmenos
Elyvilon
Fedhas
Gozag
Hepliaklqana
Kikubaaqudgha
Makhleb
Nemelex Xobeh
Okawaru
Qazlal
Ru
Sif Muna
Trog
Uskayaw
Vehumet
Wu Jian
Xom
Yredelemnul
Zin
The Shining One
Jiyva

Shops:
D:12 *   D:14 :*[*(   Orc:1 *   Orc:2 !![*   Lair:3 =   Lair:5 [   Shoals:3 !((

Annotations:
D:5 2 transporters, RepHenryClay's ghost, novice MiCA
D:12 3 runed translucent doors, ryw's ghost, journeyman TrFi
Shoals:4 Ilsuiw


Innate Abilities, Weirdness & Mutations

You have very sharp teeth.
Your uncanny sense of smell can sniff out nearby items.
Your experience applies equally to all skills.
You are partially covered in iridescent scales. (AC +2)


Message History

Your lightning spire is destroyed!
Your lightning spire disappears in a puff of smoke!
The water elemental hits you.
Ilsuiw shouts!
You hit the wind drake.
You kill the wind drake!
Your lungs strain for air!
Your warg completely misses Ilsuiw.
A merfolk javelineer comes into view.
It is wielding a +4 vampiric spear and quivering silver javelins.
The manticore flicks its tail.
The volley of spikes hits you!
The barbed spikes become lodged in your body.
Ilsuiw hits the manticore with a +2 trident of freezing!
Ilsuiw freezes the manticore.
The sea snake bites you!
* * * LOW HITPOINT WARNING * * *
The water elemental misses you.
Your Necromancy skill increases to level 11!
You cannot read scrolls while unable to breathe!
Unknown command.
Unknown command.
Okay, then.
You cannot cast spells while unable to breathe!
Unknown command.
Unknown command.
Okay, then.
Okay, then.
Clouds condense from the air!
The condenser dries out!
* * * LOW HITPOINT WARNING * * *
Your lungs strain for air!
Your warg closely misses Ilsuiw.
You block the water elemental's attack.
The water elemental is engulfed in blazing flames.
You block the sea snake's attack.
The merfolk is engulfed in freezing vapours.
The merfolk hits you from afar with a +0 trident!
* * * LOW HITPOINT WARNING * * *
The manticore flicks its tail.
The volley of spikes hits you!!
The barbed spikes become lodged in your body.
You die...
Your body crumbles into a pile of gold.

~~~≈≈≈≈≈≈≈≈≈~~≈~~≈≈≈≈≈~~~~~,,,,**
~~~≈≈≈≈≈≈≈≈≈~~~§§§≈≈≈≈≈≈~~,,,,,**
,~~≈≈≈≈≈≈≈H≈~~~§m§~~~~≈≈~~,,,,*,,
,,~~P~≈≈≈≈~~~~~§~§~~~~≈≈~~,,,***,
****#P~≈≈~~~~~~~~~~≈≈≈≈≈~~,,,***,
,,,~*#~≈~~~~..§§§m§§≈≈≈≈≈~,~,,,,,
,,,,~##~~~~.###HmHm§≈≈≈≈≈~~~~,,,~
,~*,,≈#≈≈~~.####§~h§≈≈≈≈≈≈~~~,,,~
~~~~,≈#≈~~~#####@S~≈≈≈≈≈≈≈~~~~~~~
~**~,≈#~~~~.####EE~≈≈≈≈≈≈≈~~~~~~~
~*~,,≈#~~~..####E§~≈≈≈≈≈≈≈~~~~~~~
~~,∆*≈#~~~..####§§~~≈≈≈≈≈≈~~~~~~~
,,,*~##.~~...###.~~~≈≈≈≈≈~~~~~~~~
~~~~*#......<...~~~~≈≈≈≈≈~~~~~~~~
****#~....###..~~~~≈≈≈≈≈≈~~~~~~~~
~~~~...~..###..~~~≈≈≈≈≈≈~~~~~~~~~
~~~..[....###..~~≈≈≈~~~~~~~~~~~~~


You could see Ilsuiw (invisible, poisoned, slow, ally target, anguished), a
merfolk javelineer, a sea snake, a merfolk, 2 manticores, 3 water elementals,
the friendly Ilsuiw (summoned, invisible, drained) and a friendly warg
(summoned).

Vanquished Creatures
  Kirke (Shoals:1)
  Donald (Shoals:2)
  Josephine (D:12)
  A hydra (Lair:5)
  A catoblepas (Shoals:2)
  3 merfolk avatars
  2 centaur warriors
  A death yak (Shoals:2)
  A merfolk aquamancer (Shoals:2)
  3 two-headed ogres (D:15)
  2 satyrs (Shoals:3)
  A death knight (D:14)
  An orc high priest (Orc:1)
  2 skysharks
  A skeletal warrior (D:15)
  Lodul (D:13)
  3 sea snakes
  A wizard (D:14)
  4 harpies
  3 orc knights
  8 ugly things
  3 orc sorcerers (Orc:2)
  2 cyclopes
  4 manticores
  2 fauns (Shoals:3)
  7 elephants
  A merfolk siren (Shoals:2)
  Jeremiah (D:7)
  A gargoyle (D:13)
  A cane toad (Lair:1)
  2 komodo dragons
  5 merfolk
  A troll (D:14)
  4 wind drakes
  3 hornets (Lair:5)
  5 dream sheep
  5 snapping turtles
  3 water elementals
  2 hogs (Shoals:1)
  19 yaks
  A wyvern (Lair:2)
  2 wraiths (D:12)
  14 humans (D:13)
  A fire bat (shapeshifter) (D:14)
  Grum (D:9)
  A steam dragon (D:8)
  9 vampire mosquitoes
  3 wargs (Orc:2)
  A water moccasin (D:8)
  11 orc warriors
  2 black bears
  An ice beast (D:6)
  2 sky beasts
  2 wolves (D:9)
  4 centaurs
  5 ogres
  2 kobold brigands
  2 bullfrogs
  2 scorpions
  7 killer bees
  3 howler monkeys
  A jelly (D:5)
  4 hounds
  9 orc priests
  A gnoll bouda (D:4)
  Crazy Yiuf (D:3)
  Jessica (D:2)
  2 iguanas
  Terence (D:3)
  6 orc wizards
  A hell rat (Lair:3)
  3 gnolls (D:4)
  4 river rats (Sewer)
  15 adders
  3 worms
  5 dart slugs
  41 orcs
  15 ball pythons
  6 endoplasms
  5 giant cockroaches
  4 goblins
  3 hobgoblins
  2 jackals
  5 quokkas
  16 bats
  3 frilled lizards
  11 kobolds
  8 rats
365 creatures vanquished.

Vanquished Creatures (collateral kills)
  An orc warlord (Orc:2)
  A fire dragon (D:15)
  A great orb of eyes (D:15)
  A rakshasa (D:15)
  4 hydras
  2 ogre magi (D:15)
  Erolcha (Orc:2)
  A merfolk avatar (Lair:5)
  3 centaur warriors
  A merfolk aquamancer (Shoals:3)
  6 two-headed ogres
  Erica (D:10)
  2 boulder beetles
  3 death yaks (Shoals:2)
  3 orc high priests (Orc:2)
  2 skeletal warriors (D:15)
  3 skysharks
  6 sea snakes
  4 orc knights
  10 harpies
  A deep elf zephyrmancer (D:14)
  3 deep elf pyromancers
  5 orc sorcerers
  5 manticores
  4 fauns (Shoals:3)
  7 ugly things
  8 cyclopes
  A salamander (Lair:2)
  2 black mambas
  A merfolk siren (Shoals:2)
  13 elephants
  3 water nymphs
  A torpor snail (Lair:5)
  5 cane toads
  6 komodo dragons
  3 rime drakes
  A kobold demonologist (D:11)
  5 trolls
  A troll (shapeshifter) (D:15)
  3 merfolk
  2 polar bears (Lair:5)
  3 wind drakes
  3 snapping turtles
  4 blink frogs (Lair:2)
  3 hornets
  5 dream sheep (Shoals:2)
  2 slime creatures
  A water elemental (Shoals:3)
  4 shadows
  2 wraiths (D:11)
  2 wyverns
  A hog (shapeshifter) (D:15)
  A fire elemental (D:14)
  24 yaks
  3 hogs (Shoals:1)
  A steam dragon (Lair:5)
  9 basilisks
  2 wargs (Orc:1)
  2 nagas (Lair:2)
  14 water moccasins
  4 hell hounds (D:14)
  28 orc warriors
  2 black bears
  16 ogres
  10 centaurs
  5 wolves
  A centaur (shapeshifter) (D:8)
  A phantom (D:6)
  A kobold brigand (D:10)
  6 bullfrogs
  2 scorpions
  6 killer bees
  5 howler monkeys (D:9)
  27 orc priests
  A sleepcap (D:3)
  14 orc wizards
  15 hell rats (Lair:3)
  2 adders (Sewer)
  A river rat (Sewer)
  A white imp (D:8)
  79 orcs
  An endoplasm (D:1)
  A giant cockroach (Sewer)
  4 jackals
  A frilled lizard (Sewer)
  6 kobolds
  3 rats
465 creatures vanquished.

Vanquished Creatures (others)
  Rupert (Lair:5)
  Polyphemus (Shoals:2)
  An orc warlord (Orc:2)
  Louise (D:15)
  Nessos (D:13)
  Azrael (D:14)
  A merfolk javelineer (Shoals:1)
  A hydra (Lair:3)
  2 centaur warriors
  6 two-headed ogres
  3 boulder beetles
  A tengu warrior (D:14)
  An orc high priest (Orc:2)
  Urug (Lair:2)
  A skyshark (Shoals:1)
  2 sea snakes (Shoals:3)
  A skeletal warrior (D:15)
  2 orc knights
  An orc sorcerer (Orc:2)
  8 ugly things
  4 cyclopes
  2 manticores
  8 elephants
  4 slime creatures (D:15)
  A gargoyle (D:11)
  A black mamba (Lair:3)
  A cane toad (Lair:5)
  2 komodo dragons
  A rime drake (Lair:4)
  An efreet (D:13)
  2 merfolk (Shoals:3)
  4 hornets
  A wind drake (Lair:5)
  A polar bear (Lair:5)
  2 trolls
  A blink frog (Lair:2)
  4 snapping turtles
  2 wyverns
  4 water elementals (Shoals:3)
  2 wraiths
  19 yaks
  2 humans (D:13)
  A hog (Shoals:1)
  2 wargs
  A vampire mosquito (D:11)
  A naga (Lair:2)
  10 orc warriors
  An ice beast (shapeshifter) (D:15)
  A sky beast (D:8)
  4 ogres
  3 centaurs
  A wight (D:8)
  A killer bee (D:11)
  4 orc priests
  An iguana (D:7)
  2 orc wizards
  3 hell rats (Lair:3)
  11 orcs
153 creatures vanquished.

Grand Total: 983 creatures vanquished

Notes
Turn   | Place    | Note
-------+----------+-------------------------------------------
     0 | D:1      | arthad the Gnoll Wanderer began the quest for the Orb.
     0 | D:1      | arthad set off with the following items: a +0 dagger, a
                  | scroll of fear, a +0 robe, a potion of lignification; and
                  | the following spells available to memorise: Necrotise,
                  | Summon Small Mammal, Call Canine Familiar, Dispel Undead,
                  | Anguish.
     0 | D:1      | Reached XP level 1. HP: 20/20 MP: 6/6
     2 | D:1      | Learned a level 1 spell: Necrotise
     4 | D:1      | Learned a level 1 spell: Summon Small Mammal
   187 | D:1      | Reached XP level 2. HP: 26/26 MP: 5/7
  1151 | D:2      | Reached XP level 3. HP: 31/31 MP: 3/9
  1157 | D:1      | Reached skill level 5 in Spellcasting
  1208 | D:1      | Learned a level 3 spell: Call Canine Familiar
  1308 | D:2      | Reached skill level 1 in Invocations
  1717 | D:2      | Noticed Jessica
  1733 | D:2      | Reached skill level 1 in Short Blades
  1733 | D:2      | Reached skill level 1 in Long Blades
  1733 | D:2      | Reached skill level 1 in Axes
  1733 | D:2      | Reached skill level 1 in Maces & Flails
  1733 | D:2      | Reached skill level 1 in Polearms
  1733 | D:2      | Reached skill level 1 in Staves
  1733 | D:2      | Reached skill level 1 in Ranged Weapons
  1733 | D:2      | Reached skill level 1 in Armour
  1733 | D:2      | Reached skill level 1 in Dodging
  1733 | D:2      | Reached skill level 1 in Stealth
  1733 | D:2      | Reached skill level 1 in Shields
  1733 | D:2      | Reached skill level 1 in Unarmed Combat
  1736 | D:2      | Reached XP level 4. HP: 20/38 MP: 2/11
  1889 | D:2      | Killed Jessica
  1890 | D:2      | Reached skill level 1 in Conjurations
  1890 | D:2      | Reached skill level 1 in Hexes
  1890 | D:2      | Reached skill level 1 in Translocations
  1890 | D:2      | Reached skill level 1 in Transmutations
  1890 | D:2      | Reached skill level 1 in Fire Magic
  1890 | D:2      | Reached skill level 1 in Ice Magic
  1890 | D:2      | Reached skill level 1 in Air Magic
  1890 | D:2      | Reached skill level 1 in Earth Magic
  1890 | D:2      | Reached skill level 1 in Poison Magic
  1890 | D:2      | Reached skill level 1 in Shapeshifting
  2189 | D:2      | Found a faded altar of an unknown god.
  2367 | D:3      | Found a basalt altar of Yredelemnul.
  2436 | D:3      | Reached XP level 5. HP: 20/43 MP: 4/12
  2679 | D:3      | You fall into a shaft and drop 2 floors!
  2679 | D:5      | Entered Level 5 of the Dungeon
  2715 | D:4      | Identified a scroll of acquirement
  2715 | D:4      | Acquired a staff of death
  2829 | D:4      | Found a glowing drain.
  2853 | Sewer    | Entered a sewer
  3152 | Sewer    | Reached skill level 2 in Ranged Weapons
  3188 | Sewer    | Reached XP level 6. HP: 20/50 MP: 4/13
  3349 | Sewer    | Reached skill level 5 in Fighting
  3349 | Sewer    | Reached skill level 5 in Throwing
  4045 | D:4      | Reached XP level 7. HP: 35/56 MP: 0/15
  4731 | D:4      | Reached skill level 3 in Ranged Weapons
  4865 | D:3      | Noticed Terence
  4874 | D:3      | Killed Terence
  5155 | D:3      | Found a stormy altar of Qazlal.
  5368 | D:3      | Found a runed translucent door.
  5369 | D:3      | Noticed Crazy Yiuf
  5385 | D:3      | Killed Crazy Yiuf
  5643 | D:5      | Found a transporter.
  5646 | D:5      | Found a transporter.
  5647 | D:5      | Noticed RepHenryClay's ghost (novice MiCA)
  6157 | D:5      | Reached XP level 8. HP: 37/63 MP: 2/16
  6158 | D:5      | Reached skill level 4 in Ranged Weapons
  7519 | D:6      | Reached skill level 5 in Ranged Weapons
  7801 | D:6      | Learned a level 3 spell: Summon Guardian Golem
  7806 | D:6      | Learned a level 4 spell: Dispel Undead
  7811 | D:6      | Learned a level 4 spell: Anguish
  7876 | D:6      | Reached skill level 5 in Necromancy
  8984 | D:7      | Reached XP level 9. HP: 63/69 MP: 7/18
  9192 | D:7      | Noticed Jeremiah
  9444 | D:7      | Killed Jeremiah
  9445 | D:7      | Reached skill level 6 in Ranged Weapons
  9445 | D:7      | Reached skill level 5 in Evocations
  9579 | D:7      | Found a bloodstained altar of Trog.
  9579 | D:7      | Found a burning altar of Makhleb.
  9579 | D:7      | Found a white marble altar of Elyvilon.
  9579 | D:7      | Found a hide-covered altar of Uskayaw.
  9580 | D:7      | Found a glowing golden altar of the Shining One.
  9580 | D:7      | Found a blossoming altar of Fedhas.
  9580 | D:7      | Found a sacrificial altar of Ru.
  9603 | D:7      | Found a staircase to the Ecumenical Temple.
  9623 | Temple   | Entered the Ecumenical Temple
  9668 | Temple   | Learned a level 4 spell: Summon Lightning Spire
  9668 | Temple   | Became a worshipper of Gozag Ym Sagoz the Greedy
 10031 | D:8      | Reached skill level 5 in Invocations
 10150 | D:8      | Noticed a two-headed ogre
 10165 | D:8      | Killed a two-headed ogre
 10166 | D:8      | Reached XP level 10. HP: 77/77 MP: 13/20
 10375 | D:8      | Reached skill level 5 in Short Blades
 10375 | D:8      | Reached skill level 5 in Long Blades
 10375 | D:8      | Reached skill level 5 in Axes
 10375 | D:8      | Reached skill level 5 in Maces & Flails
 10375 | D:8      | Reached skill level 5 in Polearms
 10375 | D:8      | Reached skill level 5 in Staves
 10375 | D:8      | Reached skill level 7 in Ranged Weapons
 10375 | D:8      | Reached skill level 5 in Armour
 10375 | D:8      | Reached skill level 5 in Dodging
 10375 | D:8      | Reached skill level 5 in Stealth
 10375 | D:8      | Reached skill level 5 in Shields
 10375 | D:8      | Reached skill level 5 in Unarmed Combat
 10500 | D:8      | Found a shadowy altar of Dithmenos.
 10837 | D:8      | Found a white marble altar of Elyvilon.
 10841 | D:8      | Found a shimmering altar of Xom.
 10843 | D:8      | Found a sacrificial altar of Ru.
 10843 | D:8      | Found an ornate altar of the Wu Jian Council.
 10875 | D:8      | Reached skill level 5 in Summonings
 11009 | D:8      | Noticed a centaur warrior
 11009 | D:8      | Noticed a deep elf pyromancer
 11009 | D:8      | Noticed a cyclops
 11030 | D:8      | Killed a cyclops
 11031 | D:8      | Reached skill level 5 in Shapeshifting
 11140 | D:8      | Killed a centaur warrior
 11221 | D:8      | Killed a deep elf pyromancer
 11222 | D:8      | Reached skill level 8 in Ranged Weapons
 11480 | D:8      | Found a shimmering blue altar of Sif Muna.
 11979 | D:8      | Noticed a manticore
 11992 | D:8      | Killed a manticore
 12093 | D:8      | Noticed a cyclops
 12107 | D:8      | Killed a cyclops
 12108 | D:8      | Reached XP level 11. HP: 84/84 MP: 17/22
 12179 | D:8      | Reached skill level 5 in Conjurations
 12179 | D:8      | Reached skill level 5 in Hexes
 12179 | D:8      | Reached skill level 5 in Translocations
 12179 | D:8      | Reached skill level 5 in Transmutations
 12179 | D:8      | Reached skill level 5 in Fire Magic
 12179 | D:8      | Reached skill level 5 in Ice Magic
 12179 | D:8      | Reached skill level 5 in Air Magic
 12179 | D:8      | Reached skill level 5 in Earth Magic
 12179 | D:8      | Reached skill level 5 in Poison Magic
 12183 | D:8      | Noticed a green ugly thing
 12205 | D:8      | Killed a green ugly thing
 12245 | D:8      | Identified the +3 battleaxe of Duozif {venom, *Noise Int+5
                  | Dex+2}
 12248 | D:8      | Got Kuba's Information on the Contaminated Shift
 12262 | D:8      | Noticed a centaur warrior
 12265 | D:8      | Got the Thoughts on Imprecation and Geology
 12274 | D:8      | Killed a centaur warrior
 12432 | D:8      | Learned a level 3 spell: Ignite Poison
 12436 | D:8      | Learned a level 3 spell: Mephitic Cloud
 12675 | D:9      | Noticed a two-headed ogre
 12683 | D:9      | Killed a two-headed ogre
 12684 | D:9      | Reached skill level 9 in Ranged Weapons
 12777 | D:9      | Noticed Grum
 13288 | D:9      | Found a staircase to the Lair.
 13299 | D:9      | Killed Grum
 13946 | D:10     | Entered Level 10 of the Dungeon
 14620 | D:10     | Noticed Erica
 14645 | D:10     | Killed Erica
 14646 | D:10     | Reached XP level 12. HP: 55/94 MP: 1/24
 15108 | D:10     | Found a staircase to the Orcish Mines.
 15438 | D:11     | Reached skill level 10 in Ranged Weapons
 16409 | D:11     | Identified the +10 long sword of Victory {protect, rF+ rN++
                  | Will- Stlth+}
 17090 | D:12     | Found a runed translucent gate.
 17091 | D:12     | Found a runed translucent gate.
 17092 | D:12     | Noticed ryw's ghost (journeyman TrFi)
 17092 | D:12     | Found a runed translucent gate.
 17223 | D:12     | Identified the +0 ring mail of Macaroni {Fly}
 17354 | D:12     | Noticed Josephine
 17369 | D:12     | Gained mutation: You are partially covered in iridescent
                  | scales. (AC +2) [potion of mutation]
 17374 | D:12     | Killed Josephine
 17375 | D:12     | HP: 3/95 [wraith[Josephine] (7)]
 18049 | D:12     | Found Nuekhat's Demolitions Depot.
 18158 | D:13     | Noticed Lodul
 18158 | D:13     | Noticed Nessos
 18158 | D:13     | Noticed a two-headed ogre
 18158 | D:13     | Found a gate to the Vaults.
 18164 | D:13     | Reached skill level 11 in Ranged Weapons
 18164 | D:13     | Noticed a centaur warrior
 18166 | D:13     | Reached XP level 13. HP: 82/101 MP: 11/26
 18167 | D:13     | Killed Lodul
 18170 | D:13     | Killed Nessos
 18883 | D:13     | Got the Catalogue of Sand
 19035 | D:13     | Got the Omnibus of Dhcmrlchtdj
 19042 | D:13     | Got Roxanne's Spellbook of Plaster Cramp
 19447 | D:14     | Found Syolicke's Assorted Antiques.
 19471 | D:14     | Found Vozelioc's Antique Armour Emporium.
 19479 | D:14     | Bought an ichor-stained chain mail for 256 gold pieces
 19479 | D:14     | Identified the +7 chain mail "Wijimasch" {Drain rF+ Int+3
                  | Stlth+} (You bought it in a shop on level 14 of the
                  | Dungeon)
 19492 | D:14     | Learned a level 5 spell: Alistair's Intoxication
 19509 | D:14     | Found Pesydeij's Weapon Boutique.
 19921 | D:14     | Reached skill level 10 in Spellcasting
 20090 | D:14     | Reached skill level 12 in Ranged Weapons
 20517 | D:14     | Noticed Azrael
 20534 | D:14     | Killed Azrael
 20713 | D:14     | Found Biuciom's Book Boutique.
 20835 | D:14     | Reached skill level 10 in Fighting
 20835 | D:14     | Reached skill level 10 in Throwing
 21030 | D:14     | Found Doexeci's Assorted Antiques.
 21140 | D:14     | Reached XP level 14. HP: 110/110 MP: 3/28
 21622 | D:15     | Entered Level 15 of the Dungeon
 21831 | D:15     | Reached skill level 10 in Invocations
 22268 | D:15     | Reached skill level 13 in Ranged Weapons
 22885 | D:15     | Found a staircase to the Depths.
 23139 | D:15     | Reached skill level 10 in Evocations
 23925 | D:15     | Noticed Louise
 23982 | D:15     | Killed Louise
 24222 | D:15     | Found an ornate altar of the Wu Jian Council.
 24684 | Lair:1   | Entered Level 1 of the Lair of Beasts
 25380 | Lair:1   | Reached XP level 15. HP: 117/117 MP: 12/30
 25564 | Lair:1   | Reached skill level 10 in Short Blades
 25564 | Lair:1   | Reached skill level 10 in Long Blades
 25564 | Lair:1   | Reached skill level 10 in Axes
 25564 | Lair:1   | Reached skill level 10 in Maces & Flails
 25564 | Lair:1   | Reached skill level 10 in Polearms
 25564 | Lair:1   | Reached skill level 10 in Staves
 25564 | Lair:1   | Reached skill level 10 in Armour
 25564 | Lair:1   | Reached skill level 10 in Dodging
 25564 | Lair:1   | Reached skill level 10 in Stealth
 25564 | Lair:1   | Reached skill level 10 in Shields
 25564 | Lair:1   | Reached skill level 10 in Unarmed Combat
 26987 | Lair:2   | Found a staircase to the Snake Pit.
 27149 | Lair:2   | Reached skill level 14 in Ranged Weapons
 27442 | Lair:2   | Noticed Urug
 27454 | Lair:2   | Killed Urug
 28424 | Lair:3   | Bought an amulet of magic regeneration for 450 gold pieces
 29009 | Lair:3   | Found a staircase to the Shoals.
 30574 | Lair:4   | Found a viscous altar of Jiyva.
 30574 | Lair:4   | Found a staircase to the Slime Pits.
 30870 | Lair:5   | Entered Level 5 of the Lair of Beasts
 31778 | Lair:5   | Reached XP level 16. HP: 97/126 MP: 22/31
 32174 | Lair:5   | Reached skill level 10 in Shapeshifting
 32185 | Lair:5   | Reached skill level 15 in Ranged Weapons
 32333 | Lair:5   | Reached skill level 10 in Necromancy
 32484 | Lair:5   | Bought a runed helmet for 157 gold pieces
 32484 | Lair:5   | Bought a pair of glowing gloves for 157 gold pieces
 32633 | Lair:5   | Found the ring of the Octopus King
 32645 | Lair:5   | Identified the ring of Runwa {EV+5 SInv}
 32650 | Lair:5   | Identified a ring of the Octopus King {HP+2 AC+2 EV+2 SH+2
                  | SInv}
 32807 | Lair:5   | Noticed Rupert
 32819 | Lair:5   | Killed Rupert
 33389 | Orc:1    | Entered Level 1 of the Orcish Mines
 33529 | Orc:1    | Found Qeighogi's General Store.
 33935 | Orc:2    | Entered Level 2 of the Orcish Mines
 34858 | Orc:2    | Found a staircase to the Elven Halls.
 35119 | Orc:2    | Learned a level 5 spell: Irradiate
 35928 | Orc:2    | Found Lieptad's General Store.
 35939 | Orc:2    | Bought a +0 cloak of willpower for 161 gold pieces
 35939 | Orc:2    | Bought a scroll of summoning for 133 gold pieces
 36127 | Orc:2    | Found Goagahon's Armour Shop.
 36141 | Orc:2    | Bought the +3 pair of mountain boots {steadfast, rC+} for
                  | 536 gold pieces
 36141 | Orc:2    | Found the +3 pair of mountain boots {steadfast, rC+}
 36390 | Orc:2    | Found Dimivub's Distillery.
 36439 | Orc:2    | Noticed Erolcha
 36444 | Orc:2    | Killed Erolcha
 36468 | Orc:2    | Bought a potion of curing for 48 gold pieces
 36468 | Orc:2    | Bought a potion of heal wounds for 80 gold pieces
 36468 | Orc:2    | Bought a potion of heal wounds for 80 gold pieces
 36468 | Orc:2    | Bought a potion of might for 64 gold pieces
 36468 | Orc:2    | Bought a potion of might for 64 gold pieces
 36475 | Orc:2    | Found Vicacan's Distillery.
 36489 | Orc:2    | Bought a potion of resistance for 160 gold pieces
 36489 | Orc:2    | Bought a potion of curing for 48 gold pieces
 36489 | Orc:2    | Bought a potion of might for 64 gold pieces
 37120 | Shoals:1 | Entered Level 1 of the Shoals
 37483 | Shoals:1 | Reached skill level 10 in Summonings
 37488 | Shoals:1 | Noticed Kirke
 37497 | Shoals:1 | Reached XP level 17. HP: 66/134 MP: 15/33
 37510 | Shoals:1 | Killed Kirke
 37835 | Shoals:1 | Reached skill level 16 in Ranged Weapons
 38685 | Shoals:2 | Learned a level 6 spell: Plasma Beam
 38745 | Shoals:2 | Noticed Polyphemus
 38766 | Shoals:2 | Killed Polyphemus
 38769 | Shoals:2 | Noticed Donald
 38779 | Shoals:2 | Killed Donald
 38919 | Shoals:2 | Reached skill level 10 in Conjurations
 38919 | Shoals:2 | Reached skill level 10 in Hexes
 38919 | Shoals:2 | Reached skill level 10 in Translocations
 38919 | Shoals:2 | Reached skill level 10 in Transmutations
 38919 | Shoals:2 | Reached skill level 10 in Fire Magic
 38919 | Shoals:2 | Reached skill level 10 in Ice Magic
 38919 | Shoals:2 | Reached skill level 10 in Air Magic
 38919 | Shoals:2 | Reached skill level 10 in Earth Magic
 38919 | Shoals:2 | Reached skill level 10 in Poison Magic
 40336 | Shoals:3 | Found Fecs's Weapon Boutique.
 41012 | Shoals:3 | Found Ryutaytz's Distillery.
 41055 | Shoals:3 | Bought a potion of magic for 120 gold pieces
 41055 | Shoals:3 | Bought a potion of curing for 45 gold pieces
 41055 | Shoals:3 | Bought a potion of curing for 45 gold pieces
 41101 | Shoals:3 | Found Watonel's Weapon Emporium.
 41590 | Shoals:4 | Entered Level 4 of the Shoals
 41644 | Shoals:4 | Noticed Ilsuiw
 41667 | Shoals:4 | Killed from afar by a manticore

Illustrated notes

Levels and vault maps discovered:
D:1:      lightli_arrival_noodles, layout_basic
D:2:      layout_rooms, nicolae_ecumenical_lake_church, chequers_mini_garden,
          kennysheep_jessica_study
D:3:      layout_loops_ring, mainiacjoe_overflow_chevrons, lemuel_crystal_altar,
          uniq_terence, uniq_crazy_yiuf_cottage
D:4:      layout_cave_pods, portal_sewer_entry_b
D:5:      layout_layer_cave, gammafunk_ghost_hive
D:6:      layout_layer_cave, lemuel_flame_loot_1
D:7:      layout_basic, grunt_temple_overflow_open, minmay_temple_entry_tees,
          uniq_jeremiah
D:8:      minmay_the_grid_octo_2x2 [minmay_the_grid_octo_shrine,
          minmay_the_grid_octo_thin_diamonds,
          minmay_the_grid_octo_tetromino_candy,
          minmay_the_grid_octo_prize_single_spiral], layout_basic,
          lemuel_blue_sif_altar, nicolae_dithmenos_the_darkroom, special_room
          [special_room_orc]
D:9:      layout_basic, due_lair_maze_entry_diamond, uniq_grum
D:10:     layout_roguey, david_orc_4, uniq_erica
D:11:     layout_roguey
D:12:     layout_rooms, gammafunk_ghost_nasty_kobolds, minmay_misc_feat_doors,
          fungi_pond_lemuel, nicolae_blasting_shop, david_defended_altar_orc,
          uniq_josephine
D:13:     layout_cave_pools, david_vaults_3, hangedman_decor_riveting,
          bh_hangedman_babel_library
D:14:     layout_loops_cross, kennysheep_nondescript, serial_shops, shop, shop,
          shop, shop, shop, wad_mini_maze, uniq_azrael
D:15:     gammafunk_enter_depths_forms, layout_basic, minmay_misc_feat_pillars,
          nzn_wu_jian_contemplation, uniq_louise
Temple:   grunt_temple_mini_profane
Lair:1:   layout_hall_layers
Lair:2:   layout_cave_pods, alex1729_snake_entry_snake, uniq_urug
Lair:3:   layout_cave_pods, minmay_shoals_entry_beasts
Lair:4:   layout_regular_city, slime_entry_1, patterned_corridor
Lair:5:   gammafunk_lair_ancient_temple, layout_regular_city,
          dreamdust_wasp_nest, uniq_rupert
Shoals:1: layout_shoals, uniq_kirke
Shoals:2: layout_shoals, uniq_polyphemus, uniq_donald
Shoals:3: layout_shoals, serial_shops, nicolae_shop_bloodbath_and_beyond,
          nicolae_shop_trees, nicolae_shop_just_a_little_nook,
          nicolae_shoals_stone_sculpture_thing
Shoals:4: shoals_end_hangedman, layout_shoals, shoals_ilsuiw_alternative,
          uniq_mlioglotl
Orc:1:    layout_caves, basic_altar, serial_shops, shop
Orc:2:    pubby_orc_utopia, uniq_erolcha

Skill      XL: |  1  2  3  4  5  6  7  8  9 10 11 12 13 14 15 16 17 |
---------------+----------------------------------------------------+-----
Summonings     | 2 3 4 5 6 7 8 9 10 | 10.5
Spellcasting   | 5 6 7 8 9 10 11 12 13 | 13.1
Invocations    | 1 2 3 4 5 6 7 8 9 10 11 12 13 | 13.1
Short Blades   | 1 2 3 4 5 6 8 9 10 11 12 | 12.1
Long Blades    | 1 2 3 4 5 6 8 9 10 11 12 | 12.1
Axes           | 1 2 3 4 5 6 8 9 10 11 12 | 12.1
Maces & Flails | 1 2 3 4 5 6 8 9 10 11 12 | 12.1
Polearms       | 1 2 3 4 5 6 8 9 10 11 12 | 12.1
Staves         | 1 2 3 4 5 6 8 9 10 11 12 | 12.1
Ranged Weapons | 1 2 3 5 6 8 9 11 12 13 14 15 16 | 16.7
Armour         | 1 2 3 4 5 6 8 9 10 11 12 | 12.1
Dodging        | 1 2 3 4 5 6 8 9 10 11 12 | 12.1
Stealth        | 1 2 3 4 5 6 8 9 10 11 12 | 12.1
Shields        | 1 2 3 4 5 6 8 9 10 11 12 | 12.1
Unarmed Combat | 1 2 3 4 5 6 8 9 10 11 12 | 12.1
Conjurations   | 1 2 3 4 5 6 7 8 9 10 | 10.2
Hexes          | 1 2 3 4 5 6 7 8 9 10 | 10.2
Translocations | 1 2 3 4 5 6 7 8 9 10 | 10.2
Transmutations | 1 2 3 4 5 6 7 8 9 10 | 10.2
Fire Magic     | 1 2 3 4 5 6 7 8 9 10 | 10.2
Ice Magic      | 1 2 3 4 5 6 7 8 9 10 | 10.2
Air Magic      | 1 2 3 4 5 6 7 8 9 10 | 10.2
Earth Magic    | 1 2 3 4 5 6 7 8 9 10 | 10.2
Poison Magic   | 1 2 3 4 5 6 7 8 9 10 | 10.2
Shapeshifting  | 1 2 3 4 5 6 7 8 9 10 11 | 11.1
Evocations     | 3 4 5 6 7 8 9 10 11 12 | 12.4
Necromancy     | 4 5 6 7 8 9 10 11 | 11.0
Fighting       | 5 6 7 8 9 10 11 12 | 12.9
Throwing       | 5 6 7 8 9 10 11 12 | 12.9

Action                     |  1- 3 |  4- 6 |  7- 9 | 10-12 | 13-15 | 16-18 || total
---------------------------+-------+-------+-------+-------+-------+-------++-------
  Melee: Dagger            |    10 |     2 |       |       |       |       ||    12
         Bite              |       |     3 |     6 |    12 |    23 |    21 ||    65
         Staff             |       |    19 |    18 |    63 |   139 |    37 ||   276
         Punch             |       |     1 |     1 |     3 |    11 |     5 ||    21
         Long sword        |       |       |       |       |       |    89 ||    89
  Throw: Dart              |       |     1 |       |       |     1 |     6 ||     8
         Boomerang         |       |       |     1 |       |       |       ||     1
         Javelin           |       |       |       |       |       |     5 ||     5
   Cast: Necrotise         |    74 |   137 |   217 |    91 |    63 |     5 ||   587
         Summon Small Mamm |     4 |       |     4 |       |       |       ||     8
         Call Canine Famil |       |     3 |     9 |    33 |    96 |   108 ||   249
         Summon Guardian G |       |       |     4 |    43 |   114 |   110 ||   271
         Anguish           |       |       |     3 |    12 |    32 |    26 ||    73
         Summon Lightning  |       |       |     4 |    67 |   145 |   147 ||   363
         Mephitic Cloud    |       |       |       |    14 |    36 |    49 ||    99
         Ignite Poison     |       |       |       |     9 |    20 |    15 ||    44
         Dispel Undead     |       |       |       |     8 |     6 |       ||    14
         Alistair's Intoxi |       |       |       |       |    12 |    27 ||    39
         Irradiate         |       |       |       |       |       |     4 ||     4
         Plasma Beam       |       |       |       |       |       |    43 ||    43
 Invoke: Call Merchant     |       |       |       |       |     1 |     1 ||     2
  Evoke: Wand              |       |     1 |       |     4 |     3 |       ||     8
         Phial of floods   |       |       |       |     1 |     1 |       ||     2
         Condenser vane    |       |       |       |     1 |     1 |     1 ||     3
         Phantom mirror    |       |       |       |       |     1 |     2 ||     3
    Use: Scroll            |       |     8 |     6 |    10 |     5 |     6 ||    35
         Potion            |       |     1 |       |     7 |     2 |     4 ||    14
   Stab: Sleeping          |       |       |     1 |       |       |       ||     1
         Distracted        |       |       |       |     2 |     6 |     3 ||    11
         Confused          |       |       |       |     1 |       |     4 ||     5
         Invisible         |       |       |       |     2 |       |       ||     2
 Armour: Robe              |     8 |    21 |    14 |    29 |    80 |    75 ||   227
  Dodge: Dodged            |    27 |    62 |    55 |   165 |   290 |   197 ||   796
  Block: Buckler           |       |       |       |       |       |    33 ||    33
         Kite shield       |       |       |       |       |       |    57 ||    57
         Reflection        |       |       |       |       |       |    15 ||    15

Table legend: (Time is in decaauts)
 A = Elapsed time spent in this place.
 B = Non-inter-level travel time spent in this place.
 C = Inter-level travel time spent in this place.
 D = Time resting spent in this place.
 E = Time spent auto-exploring this place.
 F = Levels seen in this place.
 G = Mean time per level.
                   A        B        C        D        E       F      G
               +--------+--------+--------+--------+--------+-----+--------+
         Total |  41852 |  40105 |   1747 |   2335 |  30494 |  28 | 1494.7 |
       Dungeon |  23731 |  22753 |    978 |   1662 |  17365 |  15 | 1582.1 |
        Temple |     59 |     31 |     28 |      0 |     24 |   1 |   59.0 |
          Lair |   8826 |   8304 |    522 |    232 |   6658 |   5 | 1765.2 |
        Shoals |   4538 |   4389 |    149 |    254 |   3204 |   4 | 1134.5 |
  Orcish Mines |   3537 |   3468 |     69 |     91 |   2338 |   2 | 1768.5 |
         Sewer |   1158 |   1158 |      0 |     96 |    905 |   1 | 1158.0 |
               +--------+--------+--------+--------+--------+-----+--------+

Top non-repeatable levels by time:
   Orc:2: 2988 daAuts
    D:15: 2927 daAuts
     D:8: 2868 daAuts
    D:14: 2450 daAuts
    D:11: 2098 daAuts
     D:6: 2096 daAuts
  Lair:5: 1914 daAuts
  Lair:2: 1880 daAuts
  Lair:3: 1786 daAuts
Shoals:2: 1642 daAuts
  Lair:1: 1623 daAuts
  Lair:4: 1621 daAuts
Shoals:1: 1516 daAuts
     D:9: 1488 daAuts
Shoals:3: 1304 daAuts
